 Dungeon Crawl Stone Soup version 0.28.0-43-g3370ac3207 (webtiles) character file.

Game seed: 13709803007029957678

328 fknight the Poker (level 6, -2/53 HPs)
             Began as a Gnoll Berserker on Mar 8, 2022.
             Was a Believer of Trog.
             Slain by a gnoll
             ... wielding a +0 halberd
              (4 damage)
             ... on level 4 of the Dungeon.
             The game lasted 00:06:46 (3752 turns).

fknight the Poker (Gnoll Berserker)                 Turns: 3752, Time: 00:06:47

Health: -2/53      AC: 10    Str: 18    XL:     6   Next: 50%
Magic:  9/9        EV:  9    Int:  6    God:    Trog [**....]
Gold:   176        SH:  7    Dex: 12    Spells: 9/9 levels left

rFire   . . .      SeeInvis .   a - +0 spear
rCold   . . .      Faith    .   m - +0 kite shield
rNeg    . . .      Spirit   .   i - +0 scale mail
rPois   .          Reflect  .   (no helmet)
rElec   .          Harm     .   (no cloak)
rCorr   .          Rampage  .   n - +2 pair of gloves
Will    .....                   (no boots)
Stlth   ..........              (no amulet)
HPRegen 0.17/turn               (no ring)
MPRegen 0.11/turn               (no ring)

@: on berserk cooldown, slowed, very slow
A: fangs 1, strong nose, distributed training
a: Renounce Religion, Berserk, Trog's Hand


You were on level 4 of the Dungeon.
You worshipped Trog.
Trog was pleased with you.
You visited 1 branch of the dungeon, and saw 4 of its levels.

You collected 176 gold pieces.

Inventory:

Hand Weapons
 a - a +0 spear (weapon)
 e - a +0 dagger of speed
 l - a +1 flail of protection
 p - the +5 spear of Misery {elec, *Slow rN+ Int+3}
   (You found it on level 3 of the Dungeon)

   It occasionally discharges a powerful burst of electricity upon striking a
   foe.
   Int:       It affects your intelligence (+3).
   rN:        It protects you from negative energy.
   *Slow:     It may slow you when you take damage.
 s - a +0 hunting sling
Missiles
 o - 14 sling bullets
 q - 35 stones (quivered)
Armour
 b - a +0 animal skin
 i - a +0 scale mail (worn)
 m - a +0 kite shield (worn)
 n - a +2 pair of gloves (worn)
Scrolls
 f - 2 scrolls of enchant armour {unknown}
 g - 4 scrolls of identify {unknown}
Potions
 c - 2 potions of resistance {unknown}
 d - 2 potions of curing {unknown}
 h - a potion of haste
 j - a potion of magic {unknown}
 k - 3 potions of heal wounds {unknown}
 r - a potion of cancellation {unknown}


   Skills:
 + Level 6.8 Fighting
 + Level 2.0 Short Blades
 + Level 2.0 Long Blades
 + Level 2.0 Axes
 + Level 2.0 Maces & Flails
 + Level 6.8 Polearms
 + Level 2.0 Staves
 + Level 2.0 Slings
 + Level 2.0 Bows
 + Level 2.0 Crossbows
 + Level 2.0 Throwing
 + Level 5.0 Armour
 + Level 5.0 Dodging
 + Level 2.0 Stealth
 + Level 2.0 Shields
 + Level 2.0 Unarmed Combat
 + Level 2.0 Spellcasting
 + Level 1.5 Conjurations
 + Level 1.5 Hexes
 + Level 1.5 Summonings
 + Level 1.5 Necromancy
 + Level 1.5 Translocations
 + Level 1.5 Transmutations
 + Level 1.5 Fire Magic
 + Level 1.5 Ice Magic
 + Level 1.5 Air Magic
 + Level 1.5 Earth Magic
 + Level 1.5 Poison Magic
 + Level 2.2 Invocations
 + Level 2.0 Evocations


You had 9 spell levels left.
You didn't know any spells.
Your spell library was empty.

Dungeon Overview and Level Annotations

Branches:
Dungeon (4/15)
 Temple: D:4-7

Altars:
Cheibriados


Innate Abilities, Weirdness & Mutations

You have very sharp teeth.
Your uncanny sense of smell can sniff out nearby items.
Your experience applies equally to all skills.


Message History

You barely miss the orc. The gnoll closely misses you.
The orc hits you with a +0 hand axe.
* * * LOW HITPOINT WARNING * * *
You closely miss the orc.
The gnoll hits you from afar with a +0 halberd!
* * * LOW HITPOINT WARNING * * *
You puncture the orc!
You kill the orc!
Trog accepts your kill.
Items here: ))) ? [[ †††.
You feel a strong urge to attack something.
You are no longer berserk.
You are exhausted.
You feel yourself slow down. You block the gnoll's attack.
The gnoll hits you with a +0 halberd.
* * * LOW HITPOINT WARNING * * *
You hit the gnoll.
The gnoll is lightly wounded.
The gnoll hits you but does no damage. The gnoll closely misses you.
The gnoll hits you but does no damage.
You hit the gnoll.
The gnoll is lightly wounded.
The gnoll misses you. The gnoll hits you but does no damage.
You block the gnoll's attack.
You closely miss the gnoll.
The gnoll is lightly wounded.
The gnoll misses you. You block the gnoll's attack.
You closely miss the gnoll.
The gnoll is lightly wounded.
The gnoll hits you but does no damage. The gnoll completely misses you.
The gnoll hits you with a +0 whip.
* * * LOW HITPOINT WARNING * * *
You hit the gnoll.
The gnoll is heavily wounded.
The gnoll barely misses you. You block the gnoll's attack.
The gnoll barely misses you.
You closely miss the gnoll.
The gnoll is heavily wounded.
You block the gnoll's attack. The gnoll hits you with a +0 halberd.
You die...

### ## #### ...###.
...# ..#.. ...#
...###..# #..#...#
#.g.#.# ##@##.#
##g))#.# ..#..#)..#
##...###..########
.#..#..#..........##
.........#######...##
....###### #....#
.... # ##...## .. # .
#....#


You could see 2 gnolls.

Vanquished Creatures
  2 hounds
  An orc priest (D:4)
  Natasha (thrice) (D:2)
  5 gnolls (D:4)
  5 adders
  A worm (D:3)
  A dart slug (D:1)
  6 orcs
  6 endoplasms
  A giant cockroach (D:1)
  6 goblins
  7 hobgoblins
  A jackal (D:1)
  2 kobolds
  3 quokkas
  2 ball pythons (D:1)
  4 bats
  A frilled lizard (D:3)
  6 rats
63 creatures vanquished.

Notes
Turn   | Place    | Note
-------+----------+-------------------------------------------
     0 | D:1      | fknight the Gnoll Berserker began the quest for the Orb.
     0 | D:1      | Reached XP level 1. HP: 23/23 MP: 1/1
   350 | D:1      | Reached XP level 2. HP: 15/29 MP: 2/2
  1042 | D:1      | Reached XP level 3. HP: 28/35 MP: 3/3
  1138 | D:1      | Found a faded altar of an unknown god.
  1664 | D:2      | Reached skill level 1 in Invocations
  1889 | D:2      | Noticed Natasha
  1900 | D:2      | Killed Natasha
  1901 | D:2      | Reached skill level 1 in Short Blades
  1901 | D:2      | Reached skill level 1 in Long Blades
  1901 | D:2      | Reached skill level 1 in Axes
  1901 | D:2      | Reached skill level 1 in Maces & Flails
  1901 | D:2      | Reached skill level 1 in Staves
  1901 | D:2      | Reached skill level 1 in Slings
  1901 | D:2      | Reached skill level 1 in Bows
  1901 | D:2      | Reached skill level 1 in Crossbows
  1901 | D:2      | Reached skill level 1 in Throwing
  1901 | D:2      | Reached skill level 1 in Stealth
  1901 | D:2      | Reached skill level 1 in Shields
  1901 | D:2      | Reached skill level 1 in Unarmed Combat
  1901 | D:2      | Reached skill level 1 in Spellcasting
  1901 | D:2      | Reached skill level 1 in Evocations
  1901 | D:2      | Reached XP level 4. HP: 13/41 MP: 5/5
  2093 | D:2      | Noticed Natasha
  2102 | D:2      | Killed Natasha
  2103 | D:2      | Reached skill level 1 in Conjurations
  2103 | D:2      | Reached skill level 1 in Hexes
  2103 | D:2      | Reached skill level 1 in Summonings
  2103 | D:2      | Reached skill level 1 in Necromancy
  2103 | D:2      | Reached skill level 1 in Translocations
  2103 | D:2      | Reached skill level 1 in Transmutations
  2103 | D:2      | Reached skill level 1 in Fire Magic
  2103 | D:2      | Reached skill level 1 in Ice Magic
  2103 | D:2      | Reached skill level 1 in Air Magic
  2103 | D:2      | Reached skill level 1 in Earth Magic
  2103 | D:2      | Reached skill level 1 in Poison Magic
  2119 | D:2      | Noticed Natasha
  2129 | D:2      | Killed Natasha
  2549 | D:3      | Reached XP level 5. HP: 38/47 MP: 5/7
  3000 | D:3      | Identified the +5 spear of Misery {elec, *Slow rN+ Int+3}
  3033 | D:3      | Found a snail-covered altar of Cheibriados.
  3141 | D:3      | Reached ** piety under Trog
  3634 | D:4      | Reached XP level 6. HP: 53/53 MP: 8/8
  3734 | D:4      | Reached skill level 5 in Armour
  3734 | D:4      | Reached skill level 5 in Dodging
  3750 | D:4      | HP: 2/53 [gnoll/+0 whip (6)]
  3752 | D:4      | Slain by a gnoll

Illustrated notes

Levels and vault maps discovered:
D:1:      dpeg_arrival_water_fire, layout_basic,
          shapermc_ecumenical_altar_ellora, minmay_cut_off
D:2:      layout_loops_cross, uniq_natasha
D:3:      layout_loops_corners, general_overflow_altar
D:4:      layout_cave_pools, gup_sewer_entry_pipe, serial_glass,
          glass_columns_a, glass_columns_a, glass_columns_c, glass_columns_a,
          due_unseen_surprise, minmay_strange_pillars, serial_shops,
          nicolae_shop_hallway_stairs

Skill      XL: |  1  2  3  4  5  6 |
---------------+-------------------+-----
Invocations    | 1 2 |  2.2
Short Blades   | 1 2 |  2.0
Long Blades    | 1 2 |  2.0
Axes           | 1 2 |  2.0
Maces & Flails | 1 2 |  2.0
Staves         | 1 2 |  2.0
Slings         | 1 2 |  2.0
Bows           | 1 2 |  2.0
Crossbows      | 1 2 |  2.0
Throwing       | 1 2 |  2.0
Stealth        | 1 2 |  2.0
Shields        | 1 2 |  2.0
Unarmed Combat | 1 2 |  2.0
Spellcasting   | 1 2 |  2.0
Evocations     | 1 2 |  2.0
Conjurations   | 1 |  1.5
Hexes          | 1 |  1.5
Summonings     | 1 |  1.5
Necromancy     | 1 |  1.5
Translocations | 1 |  1.5
Transmutations | 1 |  1.5
Fire Magic     | 1 |  1.5
Ice Magic      | 1 |  1.5
Air Magic      | 1 |  1.5
Earth Magic    | 1 |  1.5
Poison Magic   | 1 |  1.5
Armour         | 5 |  5.0
Dodging        | 5 |  5.0
Fighting       | |  6.8
Polearms       | |  6.8

Action                   |  1- 3 |  4- 6 || total
-------------------------+-------+-------++-------
Melee: Spear             |   103 |   149 ||   252
       Bite              |     8 |    16 ||    24
Invok: Berserk           |       |     3 ||     3
 Stab: Sleeping          |     6 |       ||     6
Armor: Animal skin       |     6 |       ||     6
       Scale mail        |       |    48 ||    48
Dodge: Dodged            |    49 |    53 ||   102
Block: Kite shield       |       |    24 ||    24
